 Dungeon Crawl Stone Soup version 0.30-a0-591-g3c58d2bc28 (webtiles) character file.

Game seed: 15357862276937793801

51114 sokol815 the Carver (level 14, -6/79 (81) HPs)
             Began as a Vine Stalker Brigand on Jan 5, 2023.
             Was an Initiate of Gozag.
             Mangled by a dire elephant (7 damage)
             ... on level 5 of the Lair of Beasts.
             The game lasted 00:38:59 (16335 turns).

sokol815 the Carver (Vine Stalker Brigand)         Turns: 16335, Time: 00:38:59

HP:   -6/79 (81)    AC: 26    Str: 25    XL:     14   Next: 58%
MP:   0/15          EV:  6    Int: 11    God:    Gozag
Gold: 1680          SH: 11    Dex: 18    Spells: 13/13 levels left

rFire   + + +      SeeInvis +    a - +7 falchion of Makhleb's Fury {flame, rF+ Str+2 SInv}
rCold   + + +      Faith    .    x - +0 kite shield
rNeg    . . .      Spirit   +    j - +7 plate armour of the Ten Scars {+Blink rElec Str+2 SInv}
rPois   +          Reflect  .    f - +0 helmet
rElec   +          Harm     .    h - scarf {rC+ rF+}
rCorr   +          Rampage  .    r - +2 pair of gloves "Zetz" {rPois rF+ Str+4 Stlth+}
Will    ++...                    K - +0 pair of boots
Stlth   +                        z - amulet of magic regeneration
HPRegen 1.13/turn                C - ring of protection from cold {rC+, !d}
MPRegen 0.54/turn                W - ring of willpower

@: brilliant, about to teleport, resistant, studying Ice Magic, lightly drained,
invisible
A: fangs 3, regeneration 1, magic shield, antimagic bite, no potion heal 2
a: Renounce Religion, Evoke Blink, Potion Petition, Call Merchant, Bribe Branch


You were on level 5 of the Lair of Beasts.
You worshipped Gozag.
Gozag was most pleased with you.
You visited 3 branches of the dungeon, and saw 17 of its levels.
You also visited: Ossuary and Bailey.

You collected 5239 gold pieces.
You spent 1446 gold pieces at shops.
You paid 2113 gold pieces to Gozag.

Inventory:

Hand Weapons
 a - the +7 falchion of Makhleb's Fury (weapon) {flame, rF+ Str+2 SInv}
   (You acquired it on level 6 of the Dungeon)

   Str:       It affects your strength (+2).
   rF:        It protects you from fire.
   SInv:      It lets you see invisible.
 b - a +0 heavy sling
   (You took it off a goblin on level 3 of the Dungeon)
 o - a +1 short sword of speed
   (You took it off an orc on level 5 of the Dungeon)
 w - a +1 falchion of protection
   (You found it on level 3 of the Dungeon)
 S - a +3 scimitar of flaming
   (You took it off Erica on level 10 of the Dungeon)
Missiles
 c - 2 boomerangs of dispersal {=f}
 e - 10 curare-tipped darts
 k - 2 throwing nets {!d}
 p - 62 poisoned darts
 y - 11 boomerangs
 N - 2 javelins
Armour
 f - a +0 helmet (worn)
   (You found it on level 1 of the Lair of Beasts)
 h - a scarf of resistance (worn)
   (You bought it in a shop on level 11 of the Dungeon)
 j - the +7 plate armour of the Ten Scars (worn) {+Blink rElec Str+2 SInv}
   (You found it on level 3 of the Dungeon)

   Str:       It affects your strength (+2).
   rElec:     It insulates you from electricity.
   SInv:      It lets you see invisible.
   +Blink:    It lets you blink.
 m - the +5 chain mail of Weaq {rElec rPois rC- SInv}
   (You bought it in a shop on level 11 of the Dungeon)

   rC:        It makes you vulnerable to cold.
   rElec:     It insulates you from electricity.
   rPois:     It protects you from poison.
   SInv:      It lets you see invisible.
 r - the +2 pair of gloves "Zetz" (worn) {rPois rF+ Str+4 Stlth+}
   (You bought it in a shop on level 11 of the Dungeon)

   Str:       It affects your strength (+4).
   rF:        It protects you from fire.
   rPois:     It protects you from poison.
   Stlth:     It makes you more stealthy.
 x - a +0 kite shield (worn)
   (You found it on level 7 of the Dungeon)
 K - a +0 pair of boots (worn)
   (You found it on level 5 of the Lair of Beasts)
Jewellery
 g - a +6 ring of intelligence
   (You found it on level 1 of the Dungeon)
 z - an amulet of magic regeneration (around neck)
   (You found it on level 1 of the Lair of Beasts)
 C - a ring of protection from cold (left hand) {rC+, !d}
   (You found it on level 5 of the Dungeon)
 F - a ring of protection from fire {rF+, !d}
   (You found it on level 2 of the Dungeon)
 W - a ring of willpower (right hand)
   (You found it on level 11 of the Dungeon)
Wands
 d - a wand of digging (13)
   (You found it on level 4 of the Dungeon)
 q - a wand of flame (20)
   (You found it on level 10 of the Dungeon)
 u - a wand of roots (13)
   (You found it on level 8 of the Dungeon)
Scrolls
 i - 3 scrolls of amnesia
 n - 2 scrolls of fog
 s - 3 scrolls of enchant weapon
 t - 6 scrolls of enchant armour
 A - a scroll of brand weapon
 D - a scroll of blinking {!r}
 E - 2 scrolls of fear
 O - 2 scrolls of silence
 V - 2 scrolls of vulnerability {!r!r}
 X - a scroll of magic mapping {@r4!r}
 Y - 8 scrolls of teleportation {@r3}
 Z - 4 scrolls of poison {!r}
Potions
 l - a potion of cancellation
 B - 5 potions of brilliance
 G - 3 potions of might
 H - 7 potions of haste
 I - a potion of invisibility
 J - 5 potions of curing {@q1}
 L - 5 potions of flight
 M - a potion of magic
 P - 3 potions of lignification {!q}
 Q - a potion of attraction {!q}
 R - a potion of resistance
 T - a potion of berserk rage {!q}
 U - 4 potions of mutation {!q}
Miscellaneous
 v - a lightning rod (4/4)
   (You found it on level 1 of the Lair of Beasts)


   Skills:
 + Level 12.7 Fighting
 - Level 1.7(9.2) Short Blades
 - Level 13.9(14.0) Long Blades
 - Level 2.1 Ranged Weapons
 - Level 1.7 Throwing
 - Level 8.0 Armour
 - Level 0.7 Dodging
 - Level 9.1 Stealth
 - Level 8.0 Shields
 - Level 4.0 Evocations


You had 13 spell levels left.
You didn't know any spells.
Your spell library contained the following spells:

 Spells                   Type           Power      Damage    Failure   Level
 Dazzling Flash           Conj/Hex       0%         N/A       100%        3
 Gell's Gravitas          Tloc           0%         N/A       100%        3
 Ignite Poison            Fire/Tmut/Pois 0%         N/A       100%        3
 Inner Flame              Hex/Fire       0%         N/A       100%        3
 Kindle Blastsparks       Fire/Tloc/Air  0%         2d10      100%        3
 Lesser Beckoning         Tloc           0%         N/A       100%        3
 Teleport Other           Tloc           0%         N/A       100%        3
 Anguish                  Hex/Necr       0%         N/A       100%        4
 Flame Wave               Conj/Fire      0%         2d4       100%        4
 Sticky Flame             Conj/Fire      0%         2d3       100%        4
 Summon Ice Beast         Ice/Summ       0%         N/A       100%        4
 Agony                    Necr           0%         N/A       100%        5
 Freezing Cloud           Conj/Ice/Air   0%         6-21      100%        5
 Silence                  Hex/Air        0%         N/A       100%        5
 Summon Mana Viper        Hex/Summ       0%         N/A       100%        5
 Enfeeble                 Hex            0%         N/A       100%        7
 Monstrous Menagerie      Summ           0%         N/A       100%        7


Dungeon Overview and Level Annotations

Branches:
Dungeon (11/15) Zot: 26069  Temple (1/1) D:4 Zot: 5895    Lair (5/5) D:11 Zot: 24624
  Swamp (0/4) Lair:3        Snake (0/4) Lair:2        Slime (0/5) Lair:4
    Orc (0/2) D:11        Ossuary (visited)          Bailey (visited)

Altars:
Ashenzari
Cheibriados
Dithmenos
Elyvilon
Fedhas
Gozag
Hepliaklqana
Kikubaaqudgha
Makhleb
Nemelex Xobeh
Okawaru
Qazlal
Ru
Sif Muna
Trog
Uskayaw
Vehumet
Wu Jian
Xom
Yredelemnul
Zin
The Shining One
Jiyva

Shops:
D:2 !   D:3 *   D:11 [[

Annotations:
D:5 1 runed translucent door, cforsyth's ghost, novice GrEE
D:9 1 runed translucent door
Lair:4 exclusion: oklob plant
Lair:5 exclusions: obsidian statue and oklob plant


Innate Abilities, Weirdness & Mutations

You have razor-sharp teeth.
Your natural rate of healing is unusually fast.
When hurt, damage is shared between your health and your magic reserves.
Your bite disrupts and absorbs the magic of your enemies.
Potions cannot restore your health.


Message History

MP restored: 15 You closely miss the spectral anaconda.
You bite the spectral anaconda.
You destroy the spectral anaconda!
No target in view!
You now have 2382 gold pieces (gained 5).
You enter the shallow water.
Moving in this stuff is going to be slow.
As you open the large door, it creaks loudly!
The dire elephant trumpets! x2; The necromancer shouts!
The dire elephant trumpets!
The necromancer gestures wildly while chanting.
The necromancer binds the souls of nearby monsters.
Health restored: 79 Why would you want to do that?
Why would you want to do that?
The dire elephant tramples you but does no damage.
The dire elephant trunk-slaps you but does no damage.
The dire elephant tramples you!
You stumble backwards!
You take 9 damage, and have 70/79 hp.
You now have 13/15 mp.
There is an open door here.
The necromancer gestures wildly while chanting.
The necromancer binds the souls of nearby monsters.
The dire elephant attacks as you move away!
The dire elephant tramples you! You block the dire elephant's attack.
You take 6 damage, and have 66/79 hp.
You now have 13/15 mp.
The dire elephant attacks as you move away!
The dire elephant tramples you!
The dire elephant trunk-slaps you but does no damage.
You take 4 damage, and have 62/79 hp.
There is a large open door here.
Aim: a dire elephant (soul bound, 100% to hit)
Okay, then.
A rock wall.
The rock shatters into small pieces.
The dire elephant's soul is no longer bound.
The dire elephant tramples you but does no damage.
The dire elephant trunk-slaps you but does no damage.
MP restored: 15 You slash the dire elephant!
You burn the dire elephant! You hit the dire elephant.
You burn the dire elephant. You bite the dire elephant. You drain its power.
The dire elephant barely misses you. You block the dire elephant's attack.
You hit the dire elephant but do no damage.
You bite the dire elephant. You drain its power.
You block the dire elephant's attack.
The dire elephant trunk-slaps you but does no damage.
You slash the dire elephant! You burn the dire elephant.
You bite the dire elephant. You drain its power.
The dire elephant tramples you but does no damage.
The dire elephant trunk-slaps you.
You take 4 damage, and have 63/79 hp.
You now have 14/15 mp.
You hit the dire elephant. You burn the dire elephant.
You bite the dire elephant, but do no damage.
The dire elephant barely misses you. You block the dire elephant's attack.
You hit the dire elephant but do no damage.
You block the dire elephant's attack. The dire elephant trunk-slaps you.
The dire elephant tramples you but does no damage.
The dire elephant trunk-slaps you!
You take 10 damage, and have 54/79 hp.
You now have 11/15 mp.
You hit the dire elephant. You burn the dire elephant.
You bite the dire elephant, but do no damage.
The dire elephant tramples you!
You hold your ground!
The dire elephant trunk-slaps you! The dire elephant tramples you!
You hold your ground!
The dire elephant trunk-slaps you.
You take 26 damage, and have 28/79 hp.
MASSIVE DAMAGE!!
You now have 7/15 mp.
As you read the scroll of teleportation {@r3}, it crumbles to dust.
You feel strangely unstable. The dire elephant tramples you!
* * * LOW HITPOINT WARNING * * *
You hold your ground!
The dire elephant barely misses you. You block the dire elephant's attack.
The dire elephant trunk-slaps you but does no damage.
You take 8 damage, and have 20/79 hp.
You now have 5/15 mp. [a] - 522 gold - resistance and invisibility [b] - 210 gold - haste [c] - 378 gold - resistance and invisibility Purchase which effect?
You feel protected.
You fade into invisibility!
You block the dire elephant's attack. x2; The dire elephant tramples you!!
* * * LOW HITPOINT WARNING * * *
You hold your ground!
The dire elephant trunk-slaps you but does no damage.
You take 18 damage, and have 2/79 hp.
MASSIVE DAMAGE!!
You now have 0/15 mp. [a] - 550 gold - resistance, invisibility and might [b] - 324 gold - brilliance and magic [c] - 294 gold - haste and brilliance Purchase which effect?
You feel clever all of a sudden. Magic courses through your body.
The dire elephant tramples you!
* * * LOW HITPOINT WARNING * * *
You hold your ground!
The dire elephant trunk-slaps you but does no damage.
The dire elephant tramples you!
You die...
Your body crumbles into a pile of gold.

#.....##P..# ##.P.#
##....##...#####P..##
#P....♣#PP.).P8##...#
###...P######..'...##
##....♣# #P.P.'...##
#......♣ #.####....#
##......♣##.#..'p.###
#....#..♣#..#.YYY##
.....#..##.##..#@#
#......###[#..Y###
#.....♣#P.P#8Y8#
......##.####'##
......#.P#~.Yp##
......#.##~≈~..#
P.#...#.#~~≈≈~~#
####..#.#.~≈≈≈~#
#.#.#.##P≈≈~##


You could see 3 dire elephants and a necromancer (unable to see you).

Vanquished Creatures
  Josephine (Lair:4)
  3 hydras
  A boulder beetle (Lair:1)
  Erica (D:10)
  A catoblepas (Lair:5)
  A two-headed ogre (D:11)
  11 death yaks
  Amaemon (D:8)
  2 spectral death yaks (Lair:5)
  A spectral anaconda (Lair:5)
  A lindwurm (Lair:4)
  2 necromancers (Lair:5)
  An orc sorcerer (Bailey)
  6 elephants (Lair:5)
  2 torpor snails
  A black mamba (Lair:5)
  Maggie (D:10)
  A gargoyle (D:10)
  An orange demon (D:8)
  2 rime drakes
  15 cane toads
  5 komodo dragons
  A dire elephant skeleton (Lair:5)
  2 kobold demonologists
  A polar bear (Lair:2)
  A hornet (Lair:1)
  2 trolls
  10 blink frogs
  A spectral elephant (Lair:5)
  6 wyverns
  5 wraiths
  5 steam dragons
  A basilisk (Lair:3)
  58 yaks
  4 vampire mosquitoes (D:11)
  A death yak simulacrum (Lair:5)
  3 acid dragons
  27 water moccasins
  A sky beast (D:6)
  3 black bears
  14 orc warriors
  An elephant zombie (Lair:5)
  2 ice beasts
  3 ogres
  9 wolves (Lair:2)
  9 centaurs
  An elephant skeleton (Lair:5)
  2 phantoms (D:5)
  6 kobold brigands
  10 bullfrogs
  3 necrophages
  2 gnoll sergeants
  11 scorpions
  6 killer bees (D:8)
  A howler monkey (D:9)
  12 electric eels
  A human zombie (Ossuary)
  7 jellies
  2 centaur zombies (Ossuary)
  4 hounds
  A gnoll bouda (D:5)
  3 orc priests
  5 iguanas
  3 scorpion zombies (Ossuary)
  8 orc wizards
  4 mummies
  15 gnolls
  2 river rats
  31 adders
  2 shadow imps
  A white imp (D:5)
  2 ufetubi
  4 worms
  3 dart slugs
  30 orcs
  6 ball pythons
  6 bats
  6 endoplasms
  7 giant cockroaches
  18 goblins
  15 hobgoblins
  2 jackals (D:1)
  3 quokkas
  4 frilled lizards
  3 gnoll zombies (Ossuary)
  4 goblin zombies (Ossuary)
  3 hobgoblin zombies (Ossuary)
  38 kobolds
  3 kobold zombies
  5 rats
536 creatures vanquished.

Vanquished Creatures (others)
  An orc (Bailey)
  13 fungi
  8 plants
  8 withered plants (Lair:5)
30 creatures vanquished.

Grand Total: 566 creatures vanquished

Notes
Turn   | Place    | Note
-------+----------+-------------------------------------------
     0 | D:1      | sokol815 the Vine Stalker Brigand began the quest for the
                  | Orb.
     0 | D:1      | Reached XP level 1. HP: 11/11 MP: 2/2
    43 | D:1      | Reached skill level 5 in Stealth
   110 | D:1      | Reached XP level 2. HP: 14/15 MP: 3/3
   277 | D:1      | Reached skill level 6 in Stealth
   295 | D:1      | Reached XP level 3. HP: 14/18 MP: 4/4
   837 | D:2      | Found Beaz's Distillery.
  1263 | D:2      | Gained mutation: Your natural rate of healing is unusually
                  | fast. [Vine Stalker growth]
  1263 | D:2      | Reached XP level 4. HP: 23/23 MP: 5/5
  1288 | D:2      | Reached skill level 7 in Stealth
  1550 | D:2      | Reached XP level 5. HP: 26/26 MP: 6/6
  1818 | D:3      | Found Hashrog's Assorted Antiques.
  1821 | D:3      | Bought 2 scrolls labelled DUTUOTIUNNI for 40 gold pieces
  1821 | D:3      | Bought a murky coppery potion for 18 gold pieces
  1956 | D:3      | Reached skill level 8 in Stealth
  2398 | D:3      | Identified the +7 plate armour of the Ten Scars {+Blink
                  | rElec Str+2 SInv}
  2431 | D:3      | Noticed a black bear
  2451 | D:3      | Killed a black bear
  2452 | D:3      | Reached skill level 1 in Armour
  2452 | D:3      | Reached skill level 9 in Stealth
  2452 | D:3      | Reached XP level 6. HP: 26/30 MP: 3/7
  2630 | D:4      | Found a staircase to the Ecumenical Temple.
  2651 | Temple   | Entered the Ecumenical Temple
  2810 | D:4      | Reached skill level 2 in Fighting
  2810 | D:4      | Reached skill level 1 in Long Blades
  2810 | D:4      | Reached skill level 2 in Armour
  2810 | D:4      | Reached XP level 7. HP: 35/35 MP: 8/8
  3070 | D:4      | Found a white marble altar of Elyvilon.
  3071 | D:4      | Found an opulent altar of Gozag.
  3072 | D:4      | Found a stormy altar of Qazlal.
  3072 | D:4      | Found a shadowy altar of Dithmenos.
  3078 | D:4      | Became a worshipper of Gozag Ym Sagoz the Greedy
  3217 | D:4      | Reached skill level 1 in Ranged Weapons
  3526 | D:5      | Entered Level 5 of the Dungeon
  3712 | D:5      | Found a runed translucent door.
  3713 | D:5      | Noticed cforsyth's ghost (novice GrEE)
  3816 | D:5      | Reached skill level 2 in Long Blades
  3921 | D:5      | Reached skill level 1 in Evocations
  3947 | D:5      | Reached skill level 3 in Armour
  3947 | D:5      | Gained mutation: You have razor-sharp teeth. [Vine Stalker
                  | growth]
  3947 | D:5      | Reached XP level 8. HP: 26/39 MP: 7/9
  4055 | D:5      | Reached skill level 3 in Long Blades
  4092 | D:5      | Reached skill level 2 in Ranged Weapons
  4118 | D:5      | Reached skill level 3 in Fighting
  4132 | D:5      | Reached skill level 2 in Evocations
  4178 | D:5      | Identified the +1 leather armour of Happiness {Dex+3}
  4439 | D:5      | Reached skill level 4 in Long Blades
  4439 | D:5      | Reached skill level 4 in Armour
  4820 | D:6      | Found a hazy altar of Hepliaklqana.
  4844 | D:6      | Reached XP level 9. HP: 43/45 MP: 10/10
  5073 | D:6      | Reached skill level 3 in Evocations
  5156 | D:6      | Reached skill level 4 in Fighting
  5156 | D:6      | Reached skill level 5 in Long Blades
  5165 | D:6      | Reached skill level 5 in Armour
  5308 | D:6      | Identified a scroll of acquirement
  5308 | D:6      | Acquired the +7 falchion of Makhleb's Fury {flame, rF+
                  | Str+2 SInv}
  5546 | D:7      | Found a flagged portal.
  5562 | Bailey   | Entered a bailey
  5646 | Bailey   | Reached skill level 6 in Long Blades
  5651 | Bailey   | Reached skill level 4 in Evocations
  5718 | Bailey   | Noticed an orc sorcerer
  5725 | Bailey   | Paralysed by an orc sorcerer for 5 turns
  5732 | Bailey   | Paralysed by an orc sorcerer for 5 turns
  5742 | Bailey   | Killed an orc sorcerer
  5743 | Bailey   | Reached skill level 6 in Armour
  5743 | Bailey   | Reached XP level 10. HP: 23/51 MP: 5/11
  5773 | Bailey   | Reached skill level 5 in Fighting
  5931 | Bailey   | Reached skill level 7 in Long Blades
  6001 | Bailey   | Found an iron altar of Okawaru.
  6001 | Bailey   | Noticed a kobold demonologist
  6006 | Bailey   | Noticed a smoke demon
  6011 | Bailey   | Killed a kobold demonologist
  6217 | D:7      | Acquired a manual of Ice Magic
  6339 | D:7      | Reached skill level 7 in Armour
  6829 | D:8      | Found a sand-covered staircase.
  6837 | Ossuary  | Entered an ossuary
  6894 | Ossuary  | Reached skill level 8 in Long Blades
  7011 | Ossuary  | Reached XP level 11. HP: 38/56 MP: 9/12
  7084 | Ossuary  | Reached skill level 1 in Shields
  7212 | D:8      | Reached skill level 6 in Fighting
  7567 | D:8      | Noticed Amaemon
  7593 | D:8      | Killed Amaemon
  7594 | D:8      | Reached skill level 8 in Armour
  7594 | D:8      | Reached skill level 2 in Shields
  7599 | D:8      | HP: 12/56 [poisoned by an orange demon]
  7602 | D:8      | HP: 5/56 [poisoned by an orange demon]
  7607 | D:8      | HP: 4/56 [poisoned by an orange demon]
  7887 | D:8      | Found a blossoming altar of Fedhas.
  7892 | D:8      | Found a shimmering altar of Xom.
  7892 | D:8      | Found a burning altar of Makhleb.
  7912 | D:8      | Found a shimmering blue altar of Sif Muna.
  7917 | D:8      | Found an ancient bone altar of Kikubaaqudgha.
  7926 | D:8      | Found a radiant altar of Vehumet.
  7931 | D:8      | Found a bloodstained altar of Trog.
  8035 | D:8      | Reached skill level 9 in Long Blades
  8273 | D:9      | Reached skill level 3 in Shields
  8753 | D:9      | Found a runed translucent door.
  8755 | D:9      | Noticed a green ugly thing
  8755 | D:9      | Noticed a glowing orange brain
  8755 | D:9      | Noticed a tengu warrior
  9124 | D:10     | Entered Level 10 of the Dungeon
  9124 | D:10     | Noticed Maggie
  9137 | D:10     | Killed Maggie
  9180 | D:10     | Reached skill level 7 in Fighting
  9249 | D:10     | Reached skill level 4 in Shields
  9260 | D:10     | Reached skill level 10 in Long Blades
  9284 | D:10     | Reached XP level 12. HP: 63/63 MP: 13/13
  9806 | D:10     | Noticed Erica
  9819 | D:10     | Killed Erica
  9966 | D:11     | Reached skill level 5 in Shields
 10242 | D:11     | Found a staircase to the Orcish Mines.
 10372 | D:11     | Reached skill level 11 in Long Blades
 10425 | D:11     | Noticed a two-headed ogre
 10434 | D:11     | Killed a two-headed ogre
 10435 | D:11     | Reached skill level 8 in Fighting
 10492 | D:11     | Found a staircase to the Lair.
 10825 | D:11     | Bought a glowing scarf for 224 gold pieces
 10843 | D:11     | Bought a jet-studded leather armour for 196 gold pieces
 10843 | D:11     | Identified the +2 leather armour of Nown {rF+ Dex+2} (You
                  | bought it in a shop on level 11 of the Dungeon)
 10843 | D:11     | Bought an ichor-stained chain mail for 266 gold pieces
 10843 | D:11     | Identified the +5 chain mail of Weaq {rElec rPois rC- SInv}
                  | (You bought it in a shop on level 11 of the Dungeon)
 10845 | D:11     | Bought the +2 pair of gloves "Zetz" {rPois rF+ Str+4
                  | Stlth+} for 702 gold pieces
 10861 | Lair:1   | Entered Level 1 of the Lair of Beasts
 10942 | Lair:1   | Noticed a boulder beetle
 10993 | Lair:1   | Killed a boulder beetle
 11203 | Lair:1   | Reached skill level 6 in Shields
 11876 | Lair:1   | Paralysed by a hornet for 1 turns
 11885 | Lair:1   | Reached skill level 12 in Long Blades
 11915 | Lair:1   | Reached XP level 13. HP: 61/69 MP: 14/14
 11973 | Lair:2   | Found a staircase to the Snake Pit.
 11974 | Lair:2   | Identified the +6 plate armour "Guquas" {rC+ Str-4 Dex+2}
 12467 | Lair:2   | Reached skill level 9 in Fighting
 12706 | Lair:3   | Found a staircase to the Swamp.
 12780 | Lair:3   | HP: 13/70 [komodo dragon (12)]
 13178 | Lair:3   | Reached skill level 7 in Shields
 13713 | Lair:4   | Found a viscous altar of Jiyva.
 13777 | Lair:4   | Found a staircase to the Slime Pits.
 13869 | Lair:4   | Found an ornate altar of the Wu Jian Council.
 14021 | Lair:4   | Reached skill level 13 in Long Blades
 14302 | Lair:4   | Noticed Josephine
 14335 | Lair:4   | Killed Josephine
 14845 | Lair:5   | Entered Level 5 of the Lair of Beasts
 14977 | Lair:5   | Reached skill level 8 in Shields
 15071 | Lair:5   | Reached skill level 10 in Fighting
 15364 | Lair:5   | Reached XP level 14. HP: 77/77 MP: 15/15
 15549 | Lair:5   | Reached skill level 11 in Fighting
 15932 | Lair:5   | Noticed a dire elephant
 15932 | Lair:5   | Noticed a dire elephant
 15932 | Lair:5   | Noticed a dire elephant
 15932 | Lair:5   | Noticed a dire elephant
 15993 | Lair:5   | Reached skill level 12 in Fighting
 16334 | Lair:5   | HP: 2/79 [dire elephant (19)]
 16335 | Lair:5   | Mangled by a dire elephant

Illustrated notes

Levels and vault maps discovered:
D:1:      minmay_arrival_three_doors, layout_rooms, minmay_surrounded
D:2:      minmay_inner_zag, layout_loops_corners, serial_shops,
          nicolae_shop_waterfront
D:3:      layout_loops_corners, serial_shops, nicolae_shop_behind_doors
D:4:      layout_loops_ring, mainiacjoe_overflow_alcove_3,
          minmay_temple_entry_gardened_gates, minmay_crystal_water,
          dreamdust_princess_bridge, hangedman_abyss_or_decor_stabs,
          dk_noncrumbling_4, cheibrodos_gnoll_hut
D:5:      minmay_thinvault, layout_basic, gammafunk_ghost_grave,
          hangedman_minor_gate_pass
D:6:      layout_loops_ring, mainiacjoe_overflow_cross_hatched
D:7:      layout_basic, enter_bailey_5
D:8:      layout_basic, nicolae_overflow_hallway_of_the_gods,
          mainiacjoe_overflow_alcove_2, nicolae_ossuary_entry_giza, uniq_amaemon
D:9:      layout_loops_cross, palyth_stone_intersect, wad_hexagon
D:10:     layout_roguey, lightli_orcish_oven, uniq_maggie, uniq_erica
D:11:     layout_irregular_city, lair_entry_dummy, orc_0_dummy,
          eino_tiny_chamber
Temple:   hellmonk_temple_beads
Lair:1:   layout_gridlike, grunt_megastairs_5
Lair:2:   layout_long_grid, dummy_snake_entry, minmay_holes, pond
Lair:3:   lemuel_reptile_caves, layout_long_grid, swamp_mist,
          serial_bayou_shore_b
Lair:4:   layout_regular_city, nicolae_slime_entry_field_trip,
          lemuel_oklob_altar, uniq_josephine
Lair:5:   due_jungle_book, layout_cave_pods, infiniplex_staircase_pool,
          grunt_megastairs_4

Skill      XL: |  1  2  3  4  5  6  7  8  9 10 11 12 13 14 |
---------------+-------------------------------------------+-----
Stealth        | 5 6 7 9 |  9.1
Armour         | 1 2 3 4 6 7 8 |  8.0
Fighting       | 2 3 4 5 7 8 10 12 | 12.7
Long Blades    | 1 2 4 6 8 10 12 13 | 13.9
Ranged Weapons | 1 2 |  2.1
Evocations     | 1 2 4 |  4.0
Shields        | 4 6 8 |  8.0
Short Blades   | |  1.7
Throwing       | |  1.7
Dodging        | |  0.7

Action                   |  1- 3 |  4- 6 |  7- 9 | 10-12 | 13-15 || total
-------------------------+-------+-------+-------+-------+-------++-------
Melee: Dagger            |    92 |    98 |       |       |       ||   190
       Bite              |    17 |    44 |   140 |   270 |   281 ||   752
       Punch             |     1 |     1 |     2 |       |       ||     4
       Falchion          |       |    17 |   399 |   760 |   629 ||  1805
Throw: Stone             |     5 |       |       |       |       ||     5
Invok: Call Merchant     |       |       |       |     2 |       ||     2
       Potion Petition   |       |       |       |       |     2 ||     2
 Abil: Evoke Blink       |       |       |       |     1 |       ||     1
Evoke: Wand              |       |       |       |       |    11 ||    11
  Use: Scroll            |     6 |     4 |    11 |     8 |     5 ||    34
       Potion            |       |       |     1 |     3 |       ||     4
 Stab: Sleeping          |    11 |    11 |       |       |     1 ||    23
       Distracted        |     1 |       |     4 |     5 |     7 ||    17
Armor: Robe              |    12 |       |       |       |       ||    12
       Ring mail         |    15 |    21 |       |       |       ||    36
       Plate armour      |       |    60 |   340 |   414 |   284 ||  1098
Dodge: Dodged            |    56 |    37 |   104 |   134 |    92 ||   423
Block: Kite shield       |       |       |    16 |   345 |   260 ||   621

Table legend: (Time is in decaauts)
 A = Elapsed time spent in this place.
 B = Non-inter-level travel time spent in this place.
 C = Inter-level travel time spent in this place.
 D = Time resting spent in this place.
 E = Time spent auto-exploring this place.
 F = Levels seen in this place.
 G = Mean time per level.
                   A        B        C        D        E       F      G
               +--------+--------+--------+--------+--------+-----+--------+
         Total |  16270 |  15802 |    468 |    406 |  11643 |  19 |  856.3 |
       Dungeon |   9803 |   9440 |    363 |    184 |   7098 |  11 |  891.2 |
        Temple |    104 |     93 |     11 |      0 |     83 |   1 |  104.0 |
          Lair |   5374 |   5281 |     93 |    174 |   3989 |   5 | 1074.8 |
       Ossuary |    328 |    328 |      0 |     19 |    150 |   1 |  328.0 |
        Bailey |    658 |    658 |      0 |     29 |    323 |   1 |  658.0 |
               +--------+--------+--------+--------+--------+-----+--------+

Top non-repeatable levels by time:
  Lair:5: 1386 daAuts
     D:5: 1227 daAuts
  Lair:4: 1145 daAuts
     D:8: 1079 daAuts
  Lair:1: 1060 daAuts
  Lair:3: 1027 daAuts
     D:9: 999 daAuts
     D:2: 998 daAuts
     D:3: 993 daAuts
    D:11: 930 daAuts
     D:4: 804 daAuts
    D:10: 789 daAuts
     D:6: 778 daAuts
  Lair:2: 754 daAuts
  Bailey: 658 daAuts

Table legend:
 A = Kills in this place as a percentage of kills in entire the game.
 B = Kills by you in this place as a percentage of kills by you in the entire game.
 C = Kills by friends in this place as a percentage of kills by friends in the entire game.
 D = Other kills in this place as a percentage of other kills in the entire game.
 E = Experience gained in this place as a percentage of experience gained in the entire game.
 F = Experience gained in this place divided by the number of levels of this place that you have seen.
                   A       B       C       D       E      F
               +-------+-------+-------+-------+-------+----------------------
         Total | 100.0 | 100.0 |   N/A |   N/A | 100.0 | 3843.2
       Dungeon |  56.2 |  56.2 |   N/A |   N/A |  30.6 | 2028.5
          Lair |  31.3 |  31.3 |   N/A |   N/A |  64.5 | 9423.2
       Ossuary |   4.9 |   4.9 |   N/A |   N/A |   1.1 | 810.0
        Bailey |   7.6 |   7.6 |   N/A |   N/A |   3.8 | 2780.0
               +-------+-------+-------+-------+-------+----------------------
